[Event "Late-Titled-Tuesday-Blitz-September-05-2023"]
[Site "Chess.com"]
[Date "2023.09.05"]
[Round "4"]
[White "tylityli"]
[Black "ChEsper99"]
[Result "0-1"]
[WhiteElo "2321"]
[BlackElo "2155"]
[TimeControl "180+1"]
[EndTime "14:39:29 PDT"]
[Termination "ChEsper99 won by checkmate"]

1. d4 d5 2. c4 c6 3. cxd5 cxd5 4. Bf4 Nf6 5. e3 Nc6 6. Nc3 Bf5 7. Qb3 Na5 8. Qa4+ Bd7 9. Qc2 Rc8 10. Bd3 e6 11. Nf3 Bb4 12. O-O O-O 13. h3 h6 14.
Rfc1 Nc4 15. Qe2 Qb6 16. Bxc4 Rxc4 17. Ne5 Rcc8 18. Nxd7 Nxd7 19. Qd3 Nf6 20. Na4 Qa5 21. Qb3 Ne4 22. a3 Nd2 23. Qd1 Be7 24. b4 Bxb4 25.
axb4 Qxb4 26. Nc5 b6 27. Rab1 Nxb1 28. Rxb1 Qc4 29. Nd7 Rfd8 30. Ne5 Qc2 31. Qd2 Qxd2 32. Nf3 Rc1+ 33. Rxc1 Qxc1+ 34. Kh2 a5 35. Kg3 a4 36. e4 Qc4 37. Be3 a3 38. Ne5 Qb3 39. exd5 a2 40.
dxe6 a1=Q 41. e7 Re8 42. Nc6 Qd5 43. Ne5 Qxe5+ 44. dxe5 Qxe5+ 45. Bf4 Qxf4+ 46. Kxf4 Rxe7 47. f3 Rb7 48. Kf5 b5 49. g4 b4 50. g5 b3 51.
gxh6 gxh6 52. Kg4 b2 53. Kh5 b1=Q 54. f4 Qf5+ 55. Kh4 Qxf4+ 56. Kh5 Qg5# 0-1

[Event "Late-Titled-Tuesday-Blitz-September-05-2023"]
[Site "Chess.com"]
[Date "2023.09.05"]
[Round "4"]
[White "Maluco_do_Natal_00"]
[Black "The_Princess_Moon"]
[Result "0-1"]
[WhiteElo "1966"]
[BlackElo "2284"]
[TimeControl "180+1"]
[EndTime "14:39:30 PDT"]
[Termination "The_Princess_Moon won on time"]

1. e4 c5 2. Nf3 a6 3. d4 cxd4 4. Nxd4 Nf6 5. Nc3 e5 6. Nb3 Bb4 7. Bd2 Bxc3 8. Bxc3 d6 9. f3 O-O 10. Qd2 Nc6 11. O-O-O Ne8 12. Bc4 Be6 13. Bd5 Rc8 14. Kb1 b5 15. Qe2 b4 16. Be1 Bxd5 17. exd5 Ne7 18. Bxb4 Qb6 19. Ba5 Qb7 20. Rhe1 f5 21.
f4 e4 22. Qd2 Nf6 23. g3 Rc4 24.
Bc3 Nfxd5 25. Na5 Nxc3+ 26. Qxc3 Rxc3 27. Nxb7 Rf3 28. Nxd6 Rf2 29. Nc4 Rxh2 30. Ne5 Ng6 31. Nxg6 hxg6 32. Rd6 Rf6 33. Rd8+ Kh7 34. c4 Rb6 35. b3 a5 36. Ra8 Rd6 37. Rc1 e3 0-1

[Event "Late-Titled-Tuesday-Blitz-September-05-2023"]
[Site "Chess.com"]
[Date "2023.09.05"]
[Round "4"]
[White "jorquerino"]
[Black "rdarruda"]
[Result "0-1"]
[WhiteElo "2353"]
[BlackElo "2537"]
[TimeControl "180+1"]
[EndTime "14:39:31 PDT"]
[Termination "rdarruda won by resignation"]

1. e4 c5 2. Nc3 Nc6 3. g3 e6 4.
Bg2 Nf6 5. d3 Be7 6. Nge2 O-O 7.
O-O Rb8 8. h3 b5 9. f4 b4 10.
Nb1 Bb7 11. Nd2 Qc7 12. g4 d6 13. Nf3 Rfe8 14. Ng3 d5 15. e5 Nd7 16. g5 g6 17.
h4 Nd4 18. a3 Nxf3+ 19. Qxf3 a5 20. h5 d4 21. Qg4 Bxg2 22. Kxg2 c4 23. Qe2 Rec8 24.
Ne4 b3 25. cxb3 cxd3 26. Qxd3 Qc2+ 27. Qxc2 Rxc2+ 28. Kg3 Rxb3+ 29. Rf3 d3 30. Nd2 Nc5 31. Rb1 Rxd2 32. Bxd2 Ne4+ 33. Kg4 Nxd2 34. Rc1 Nxf3 35. Rc8+ Bf8 36. Kxf3 d2+ 37. Ke2 Rd3 38. Kd1 gxh5 39. b4 axb4 40. axb4 h4 41. f5 exf5 42. b5 h3 43. Rc4 Rb3 44. Kxd2 Rxb5 45. Rh4 Rxe5 46. Rxh3 Be7 47. Rg3 f4 48. Rg4 Bxg5 49. Kd3 f6 0-1

[Event "Late-Titled-Tuesday-Blitz-September-05-2023"]
[Site "Chess.com"]
[Date "2023.09.05"]
[Round "4"]
[White "MariaFominykh"]
[Black "PNEPaul"]
[Result "1-0"]
[WhiteElo "2284"]
[BlackElo "1882"]
[TimeControl "180+1"]
[EndTime "14:39:32 PDT"]
[Termination "MariaFominykh won on time"]

1. d4 Nf6 2. Nf3 d6 3. c4 g6 4. Nc3 Bg7 5. e4 O-O 6. h3 c6 7. Be3 Nbd7 8. Be2 e5 9. d5 c5 10. g4 a6 11. Qc2 b6 12. Nd2 Bb7 13. h4 Ne8 14. h5 Qe7 15. O-O-O Nc7 16. Kb1 Rfb8 17. hxg6 fxg6 18. Rh2 Nf8 19. Rdh1 Kf7 20. Nf3 Ke8 21. Qd2 Kd7 22. Bh6 Re8 23. Bxg7 Qxg7 24.
Na4 Rab8 25. Nxb6+ Kd8 26. Qa5 Qf7 27. Bd1 Qf4 28. Nd2 Re7 29. Na4 Kc8 30. Ka1 1-0

[Event "Late-Titled-Tuesday-Blitz-September-05-2023"]
[Site "Chess.com"]
[Date "2023.09.05"]
[Round "4"]
[White "gunslinger222"]
[Black "larsmandreassen"]
[Result "1-0"]
[WhiteElo "2453"]
[BlackElo "2212"]
[TimeControl "180+1"]
[EndTime "14:39:34 PDT"]
[Termination "gunslinger222 won on time"]

1. d4 d5 2. c4 e6 3. Nf3 c5 4. cxd5 cxd4 5. Qxd4 exd5 6. Nc3 Be6 7. Bg5 f6 8. Bf4 Nc6 9. Qa4 g5 10. Bg3 Qb6 11.
Qb5 d4 12. Qxb6 axb6 13. Nb5 Bb4+ 14. Kd1 Rxa2 15. Rxa2 Bxa2 16. Nfxd4 Nxd4 17. Nxd4 Kf7 18. e4 Ne7 19. Nb5 Bb3+ 20. Ke2 Rc8 21. Nd4 Bc4+ 22. Kf3 h5 23. h3 b5 24. Nxb5 Bxb5 25. Bxb5 Rc2 26.
b3 Rc3+ 27. Ke2 Kg6 28. Bc4 Nc6 29. Rd1 h4 30. Bc7 Rc2+ 31. Kf1 Bc5 32. Be2 Nd4 33. Bd3 Rb2 34. e5+ 1-0

[Event "Late-Titled-Tuesday-Blitz-September-05-2023"]
[Site "Chess.com"]
[Date "2023.09.05"]
[Round "4"]
[White "mishanick"]
[Black "alexrustemov"]
[Result "1-0"]
[WhiteElo "3073"]
[BlackElo "2879"]
[TimeControl "180+1"]
[EndTime "14:39:37 PDT"]
[Termination "mishanick won by checkmate"]

1. d4 d5 2. Nf3 Nf6 3. e3 c5 4. Nbd2 cxd4 5. exd4 Nc6 6. Bd3 Bg4 7.
c3 e6 8. Nf1 Bd6 9. Ng3 h5 10.
h3 Bxf3 11. Qxf3 Qc7 12. Bg5 h4 13. Ne2 O-O-O 14. O-O-O Kb8 15. Kb1 Be7 16. Rhe1 Ka8 17. Bc2 a6 18. Nf4 Nd7 19. Nxd5 exd5 20. Bxe7 Rde8 21. Bg5 Nb6 22. Qf4 Qd7 23. Bf5 Re6 24.
Bxe6 fxe6 25. Qg4 Re8 26. Qxh4 Nc4 27. Bc1 b5 28. b3 Nd6 29. Ba3 Ne4 30. Rxe4 dxe4 31.
Qxe4 Qd5 32. Re1 Rd8 33. Bc5 Kb7 34. Qxd5 exd5 35. Re6 Rd7 36. f3 Rf7 37. Kc2 Kc7 38.
Kd3 a5 39. Rd6 Rf5 40. Rg6 Rf7 41. a4 bxa4 42. bxa4 Kb7 43. h4 Kc7 44. h5 Nd8 45. Bb6+ Kc8 46. Bxd8 Kxd8 47. Ra6 Rf5 48. Rxa5 Rxh5 49.
Rc5 Kd7 50. a5 Kd6 51. a6 Rh8 52. a7 Ra8 53. Ra5 Kc6 54. Ra1 Kb6 55. f4 g6 56.
g4 Kb7 57. f5 gxf5 58. gxf5 Kc7 59. f6 Kb7 60. f7 Kc7 61. f8=Q Rxf8 62. a8=Q Rf3+ 63.
Ke2 Rh3 64. Ra7+ Kd6 65. Qb8+ Ke6 66. Qe5# 1-0

[Event "Late-Titled-Tuesday-Blitz-September-05-2023"]
[Site "Chess.com"]
[Date "2023.09.05"]
[Round "4"]
[White "komogro"]
[Black "Guzman70"]
[Result "1-0"]
[WhiteElo "2509"]
[BlackElo "2355"]
[TimeControl "180+1"]
[EndTime "14:39:37 PDT"]
[Termination "komogro won on time"]

1. e4 e6 2. d3 d5 3. Nd2 Nf6 4.
Ngf3 Bc5 5. g3 dxe4 6. Ng5 e3 7.
fxe3 Bxe3 8. Nge4 O-O 9. Bg2 Bb6 10. Nc4 Nxe4 11. Nxb6 axb6 12. Bxe4 Nd7 13. O-O Nf6 14. Bg2 h6 15. Kh1 e5 16. h3 Be6 17.
a3 Qd7 18. Kh2 Nd5 19. Qh5 f6 20. Bd2 Qf7 21. Qh4 Rad8 22. Rae1 Rd7 23. g4 Qe7 24.
Be4 Rfd8 25. c4 Nf4 26. Bxf4 exf4 27. Bf5 Rd6 28. Rxf4 Qf7 29. Be4 g5 30. Qxh6 gxf4 31. Rf1 Qg7 32. Qxf4 c6 33. b4 Rd4 34. Qe3 Bf7 35.
Bf5 Bg6 36. Qe6+ Kh8 37. Bxg6 Qxg6 38. Rxf6 Qxd3 39. Rh6+ Kg7 40. Qf6+ 1-0

[Event "Late-Titled-Tuesday-Blitz-September-05-2023"]
[Site "Chess.com"]
[Date "2023.09.05"]
[Round "4"]
[White "RIPOL"]
[Black "Orest_Vovk"]
[Result "1-0"]
[WhiteElo "2417"]
[BlackElo "2585"]
[TimeControl "180+1"]
[EndTime "14:39:38 PDT"]
[Termination "RIPOL won on time"]

1. d4 g6 2. e4 Nf6 3. e5 Nh5 4. Nf3 d6 5. Bc4 Bg7 6. h3 dxe5 7. Nxe5 Bxe5 8. dxe5 Qxd1+ 9. Kxd1 Be6 10. Bxe6 fxe6 11. Nd2 Nc6 12. Nf3 O-O-O+ 13. Ke2 Nd4+ 14. Nxd4 Rxd4 15. Be3 Rd5 16. g4 Ng7 17. f4 g5 18. c4 Ra5 19. a4 gxf4 20. Bxf4 c5 21. Bh6 Ne8 22. Rhf1 Ra6 23. Rf7 Rb6 24. Rd1 Rxb2+ 25. Rd2 Rb3 26. h4 Rg3 27. g5 Rg2+ 28. Ke1 Rxd2 29. Kxd2 Kd8 30. Bf8 Nc7 31. Bxe7+ Ke8 32. Rg7 Na6 33. Bd6 Nb4 34. Rxb7 Nc6 35. Rc7 Nd8 36.
Re7+ 1-0

[Event "Late-Titled-Tuesday-Blitz-September-05-2023"]
[Site "Chess.com"]
[Date "2023.09.05"]
[Round "4"]
[White "ilya2700"]
[Black "Fleetw00dMac"]
[Result "1-0"]
[WhiteElo "2255"]
[BlackElo "2443"]
[TimeControl "180+1"]
[EndTime "14:39:38 PDT"]
[Termination "ilya2700 won by resignation"]

1. e4 e5 2. Nf3 Nc6 3. Bb5 a6 4. Ba4 Nf6 5. O-O Nxe4 6. d4 Be7 7. Qe2 b5 8. Bb3 d5 9. dxe5 Na5 10. Rd1 Be6 11.
Nbd2 Nxd2 12. Bxd2 Nc4 13. Bxc4 bxc4 14. Ba5 Qd7 15.
Nd4 c5 16. Nxe6 fxe6 17. b3 cxb3 18. axb3 O-O 19. Rd3 Rf5 20. Ra4 Qb5 21. Bc7 Rc8 22.
Bd6 Bd8 23. Re3 c4 24. Rb4 Qa5 25. bxc4 Bb6 26. Rf3 Qa1+ 27. Qf1 Qxf1+ 28. Kxf1 Rxf3 29. gxf3 Bc7 30. cxd5 Bxd6 31. exd6 exd5 32. Rd4 Kf7 33.
Rxd5 Ke6 34. c4 Kd7 35. c5 a5 36. Ke2 a4 37. Kd2 a3 38. Kc3 Rb8 39. Rd2 Kc6 40.
Kc4 Rb1 41. d7 Rb8 42. d8=Q 1-0

[Event "Late-Titled-Tuesday-Blitz-September-05-2023"]
[Site "Chess.com"]
[Date "2023.09.05"]
[Round "4"]
[White "petr577"]
[Black "antispeciesism"]
[Result "0-1"]
[WhiteElo "2315"]
[BlackElo "2059"]
[TimeControl "180+1"]
[EndTime "14:39:40 PDT"]
[Termination "antispeciesism won on time"]

1. e4 c5 2. Nf3 e6 3. d3 a6 4.
Nbd2 d5 5. g3 Nc6 6. Bg2 Bd6 7.
O-O Nge7 8. Re1 Qc7 9. b3 b5 10. Bb2 f6 11. a4 bxa4 12. Rxa4 Bd7 13. exd5 exd5 14. Ra1 O-O 15. Nf1 Rfe8 16. N3d2 Nb4 17. Ne3 Be6 18. Ba3 Bf7 19. Ndf1 Be5 20. Rb1 Bc3 21. Re2 Rad8 22. Nd2 a5 23. Rc1 Na2 24. Rb1 Nb4 25. Rc1 Na2 26. Rb1 Bd4 27. Bb2 Bxb2 28. Rxb2 Nc3 29. Qe1 Nxe2+ 30. Qxe2 d4 31. Nef1 Nd5 32.
Qg4 Nc3 33. Qh4 Bd5 34. Ne4 Nxe4 35. dxe4 Bf7 36. Nd2 a4 37. bxa4 Qa5 0-1

[Event "Late-Titled-Tuesday-Blitz-September-05-2023"]
[Site "Chess.com"]
[Date "2023.09.05"]
[Round "4"]
[White "lachesisQ"]
[Black "Sanan_Sjugirov"]
[Result "0-1"]
[WhiteElo "3073"]
[BlackElo "2907"]
[TimeControl "180+1"]
[EndTime "14:39:41 PDT"]
[Termination "Sanan_Sjugirov won on time"]

1. d4 Nf6 2. c4 e6 3. Nc3 Bb4 4. e3 c5 5. Ne2 d6 6. a3 Ba5 7. g3 d5 8. Bg2 dxc4 9. O-O cxd4 10. Nxd4 O-O 11. Qa4 e5 12. Nde2 Bxc3 13. Nxc3 Nc6 14.
Qxc4 Be6 15. Qb5 Qc7 16. b4 a6 17. Qa4 Rfd8 18. Bb2 Rd2 19. Rab1 Bc4 20. b5 Bxf1 21. Bxf1 Ne7 22. bxa6 bxa6 23. Ne4 Qc2 24. Nxf6+ gxf6 25. Qb4 Nd5 26. Qb7 Rd8 27. Ba1 Rxf2 28. Re1 Rxh2 0-1

[Event "Late-Titled-Tuesday-Blitz-September-05-2023"]
[Site "Chess.com"]
[Date "2023.09.05"]
[Round "4"]
[White "grzechu96"]
[Black "sergiochess83"]
[Result "1-0"]
[WhiteElo "2665"]
[BlackElo "2924"]
[TimeControl "180+1"]
[EndTime "14:39:42 PDT"]
[Termination "grzechu96 won on time"]

1. e4 c5 2. Nf3 e6 3. d4 cxd4 4. Nxd4 Nf6 5. Nc3 Nc6 6. Nxc6 bxc6 7. e5 Nd5 8. Ne4 Qc7 9. f4 Qb6 10. c4 Bb4+ 11. Ke2 Ba6 12. Kf3 f5 13. exf6 Nxf6 14.
c5 Bxc5 15. Nxc5 Bxf1 16. Na4 Qb5 17. Rxf1 Qh5+ 18. Kf2 Ng4+ 19. Ke1 Qh4+ 20. g3 Qh3 21. Qe2 Nxh2 22. Rg1 O-O 23. Bd2 Rf5 24. Kd1 Ng4 25. Kc2 Rb8 26. Rh1 Qxg3 27. Rag1 Qf2 28. Qxg4 g6 29.
Qg2 Ra8 30. Qxf2 1-0

[Event "Late-Titled-Tuesday-Blitz-September-05-2023"]
[Site "Chess.com"]
[Date "2023.09.05"]
[Round "4"]
[White "DeArron_Fox"]
[Black "Malev212"]
[Result "0-1"]
[WhiteElo "2468"]
[BlackElo "2635"]
[TimeControl "180+1"]
[EndTime "14:39:42 PDT"]
[Termination "Malev212 won on time"]

1. d4 Nf6 2. c4 e6 3. Nf3 c5 4. d5 b5 5. dxe6 fxe6 6. cxb5 a6 7. bxa6 Bxa6 8. g3 Nc6 9. Bg2 Be7 10. O-O O-O 11.
Re1 Kh8 12. Bg5 d5 13. Nbd2 h6 14. Bf4 g5 15. Ne5 Rc8 16. Ng6+ Kg7 17. Nxf8 Qxf8 18.
Be3 d4 19. Bxg5 hxg5 20. Qa4 Bb7 21. Qb3 Nd8 22. Nc4 Bxg2 23. Kxg2 Ng4 24. Rf1 Qf5 25. h3 Qd5+ 26. Kg1 Nf6 27. Rad1 Nc6 28. e3 Rh8 29.
exd4 Rxh3 30. f3 Nxd4 31. Qd3 Rxg3+ 32. Kh2 Bd6 33. f4 Bxf4 34. Rxf4 gxf4 0-1

[Event "Late-Titled-Tuesday-Blitz-September-05-2023"]
[Site "Chess.com"]
[Date "2023.09.05"]
[Round "4"]
[White "TanitoluwaAps116"]
[Black "copanchess"]
[Result "1-0"]
[WhiteElo "2693"]
[BlackElo "2172"]
[TimeControl "180+1"]
[EndTime "14:39:42 PDT"]
[Termination "TanitoluwaAps116 won on time"]

1. e4 e5 2. Nf3 Nc6 3. Bc4 Nf6 4. d3 Bc5 5. O-O d6 6. c3 a6 7. a4 Ba7 8. Re1 O-O 9. h3 Ne7 10. Nbd2 Ng6 11. Nf1 c6 12. Ng3 d5 13. Bb3 Re8 14. Bg5 Be6 15. Nh5 dxe4 16. Bxf6 gxf6 17. dxe4 f5 18.
exf5 Bxf5 19. Qxd8 Rexd8 20. Ng5 Rd2 21. Bxf7+ Kf8 22.
Re3 Bxe3 23. fxe3 Rad8 24. Bxg6 hxg6 25. Ng3 Bc2 26. Rf1+ Kg8 27. Rf7 Rf8 28. Rxb7 Rff2 29. N3e4 Rxg2+ 30. Kf1 1-0

[Event "Late-Titled-Tuesday-Blitz-September-05-2023"]
[Site "Chess.com"]
[Date "2023.09.05"]
[Round "4"]
[White "Dontmesswithme_2"]
[Black "Nekoo04"]
[Result "1-0"]
[WhiteElo "2487"]
[BlackElo "2312"]
[TimeControl "180+1"]
[EndTime "14:39:42 PDT"]
[Termination "Dontmesswithme_2 won by resignation"]

1. d4 d5 2. c4 e6 3. Nf3 Nf6 4. g3 Bb4+ 5. Bd2 Be7 6. Bg2 O-O 7. O-O Nbd7 8. Bf4 c6 9. Nc3 b6 10. Qc2 Ba6 11. Ne5 Nxe5 12. dxe5 Nd7 13. cxd5 cxd5 14.
Rfd1 g5 15. Bc1 Nxe5 16. e4 d4 17. Qa4 dxc3 18. Rxd8 Raxd8 19. Qxa6 Rd1+ 20. Bf1 c2 21. Kg2 Rfd8 22. Be2 Re1 23. Bh5 Rdd1 24. Qc8+ Kg7 25. Qxc2 Rg1+ 26. Kh3 g4+ 27. Bxg4 h5 28. Bxh5 Rh1 29.
Bxd1 1-0

[Event "Late-Titled-Tuesday-Blitz-September-05-2023"]
[Site "Chess.com"]
[Date "2023.09.05"]
[Round "4"]
[White "ameetghasi100"]
[Black "Rud_Makarian"]
[Result "0-1"]
[WhiteElo "2679"]
[BlackElo "2948"]
[TimeControl "180+1"]
[EndTime "14:39:43 PDT"]
[Termination "Rud_Makarian won on time"]

1. Nf3 Nf6 2. g3 b5 3. Bg2 Bb7 4. O-O e6 5. b3 b4 6. Bb2 Be7 7. c4 O-O 8. d4 c5 9. d5 exd5 10.
Nh4 d6 11. Nf5 Re8 12. cxd5 Bf8 13. Nd2 g6 14. Ne3 Bg7 15. Ndc4 a5 16. a3 Qc7 17. Qc2 Nbd7 18. h3 Nb6 19. Nxb6 Qxb6 20. Nc4 Qc7 21.
e4 Ba6 22. f4 Nd7 23. Bxg7 Kxg7 24. Rfe1 Bxc4 25. bxc4 Nb6 26. a4 Re7 27. h4 Rae8 28. Re3 f6 29. Rae1 Qd7 30. Kh2 Qxa4 31. Qe2 b3 32. e5 fxe5 33. fxe5 Rxe5 34. Rxe5 Rxe5 35. Qf2 Nxc4 36. Rf1 Rf5 37. Qe1 Ne5 38. Rxf5 gxf5 39. Qd2 h6 40. Qc3 Qb4 41. Qb2 a4 42. Qb1 b2 43.
Qxf5 b1=Q 44. Qe6 Qg6 45. Qe7+ Nf7 46. h5 Qf6 47. Qe2 a3 0-1

[Event "Late-Titled-Tuesday-Blitz-September-05-2023"]
[Site "Chess.com"]
[Date "2023.09.05"]
[Round "4"]
[White "sjoerd893"]
[Black "Boorchess"]
[Result "0-1"]
[WhiteElo "2417"]
[BlackElo "2573"]
[TimeControl "180+1"]
[EndTime "14:39:44 PDT"]
[Termination "Boorchess won on time"]

1. e4 a6 2. d4 e6 3. Nf3 b5 4.
a4 b4 5. Bd3 a5 6. Bf4 d6 7.
Nbd2 h6 8. Nb3 g6 9. e5 d5 10. h4 c6 11. Qd2 Qb6 12. Nh2 Nd7 13. O-O-O Qc7 14. h5 g5 15. Be3 Nb6 16. f4 gxf4 17. Bxf4 Nxa4 18. Ng4 Nb6 19. Nf6+ Nxf6 20. exf6 Qa7 21.
Nc5 a4 22. Qxb4 Nd7 23. Qc3 Nxc5 24. dxc5 Bxc5 25. Rh3 a3 26. bxa3 Bd4 27. Qxc6+ Bd7 28. Qd6 Bxf6 29. Be2 Rc8 30. Be5 Be7 31. Qxe7+ Kxe7 32. Bxh8 Rxh8 33. Rf3 Qc5 34. Rdf1 Be8 35. Bd3 Rg8 36.
g3 Rg4 37. Kd2 Qxa3 0-1

[Event "Late-Titled-Tuesday-Blitz-September-05-2023"]
[Site "Chess.com"]
[Date "2023.09.05"]
[Round "4"]
[White "schack_vit"]
[Black "miraitrunks"]
[Result "0-1"]
[WhiteElo "2409"]
[BlackElo "2093"]
[TimeControl "180+1"]
[EndTime "14:39:44 PDT"]
[Termination "miraitrunks won by resignation"]

1. c4 e5 2. g3 Bc5 3. Bg2 d6 4. e3 Nc6 5. Ne2 Nf6 6. d4 exd4 7. exd4 Bb4+ 8. Nbc3 O-O 9. a3 Bxc3+ 10. Nxc3 Re8+ 11.
Be3 Ng4 12. Qd2 Na5 13. Qe2 Nb3 14. Rd1 Qf6 15. Nd5 Qd8 16. O-O c6 17. Nf4 Bf5 18. Rfe1 Qf6 19. Qf3 Nxe3 20. fxe3 Bc2 21. h4 Bxd1 22.
Qxd1 Na5 23. Qd3 c5 24. b4 Nc6 25. b5 Nxd4 26. Bxb7 Rab8 27. Bg2 Nf5 28. Rf1 Rxe3 29.
Qc2 Rxg3 30. Ne2 Rxg2+ 31. Kxg2 Ne3+ 32. Kg3 Nxc2 33. Rxf6 gxf6 0-1

[Event "Late-Titled-Tuesday-Blitz-September-05-2023"]
[Site "Chess.com"]
[Date "2023.09.05"]
[Round "4"]
[White "canary2016"]
[Black "FredddieCroderg"]
[Result "0-1"]
[WhiteElo "2034"]
[BlackElo "2304"]
[TimeControl "180+1"]
[EndTime "14:39:44 PDT"]
[Termination "FredddieCroderg won on time"]

1. e4 c5 2. Nf3 d6 3. d4 cxd4 4. Nxd4 Nf6 5. Nc3 g6 6. Be3 Bg7 7. Be2 O-O 8. O-O Nc6 9. Qd2 Ng4 10. Bxg4 Bxg4 11. h3 Bd7 12. Nd5 Ne5 13. Qe2 Rc8 14. Rac1 Nc4 15. b3 Nxe3 16. Qxe3 e6 17. Nb4 Qb6 18.
c3 a5 19. Nd3 Rc7 20. Nb2 Rfc8 21. Nc4 Qa6 22. Nf3 b5 23. Ncd2 Rxc3 24. Rxc3 Rxc3 25.
Qe2 Qc6 26. e5 Rc2 27. exd6 Qxd6 28. Ne4 Rxe2 29. Nxd6 Rxa2 30. Ne4 Ra1 31. Nc5 Bc6 32. Nd2 a4 33. bxa4 bxa4 34. Nc4 Bd5 35. Ne3 Rxf1+ 36. Kxf1 a3 37. Nc2 a2 0-1

[Event "Late-Titled-Tuesday-Blitz-September-05-2023"]
[Site "Chess.com"]
[Date "2023.09.05"]
[Round "4"]
[White "ridnani2021"]
[Black "ShiroglanTalibov"]
[Result "1-0"]
[WhiteElo "2563"]
[BlackElo "2767"]
[TimeControl "180+1"]
[EndTime "14:39:48 PDT"]
[Termination "ridnani2021 won on time"]

1. e4 c5 2. Nf3 d6 3. d4 cxd4 4. Qxd4 Nc6 5. Bb5 Bd7 6. Bxc6 Bxc6 7. c4 Nf6 8. Nc3 g6 9. O-O Bg7 10. Qd3 O-O 11. Nd4 Rc8 12. b3 Qa5 13. Nd5 Bxd5 14. exd5 b5 15. Nc6 Qc7 16. cxb5 Nxd5 17. Qxd5 Bxa1 18. Be3 Bf6 19. Nxa7 Rb8 20. a4 e6 21. Qd3 d5 22. Rc1 Qb7 23. Nc6 d4 24. Bh6 Rbc8 25.
Bxf8 Kxf8 26. h3 e5 27. Qe4 Kg7 28. Rc5 Ra8 29. Qd5 Re8 30. f3 Bg5 31. Kf1 Be3 32.
Nxe5 Qe7 33. Nd3 Qh4 34. Rc7 Qf6 35. b6 Rf8 36. b7 1-0

[Event "Late-Titled-Tuesday-Blitz-September-05-2023"]
[Site "Chess.com"]
[Date "2023.09.05"]
[Round "4"]
[White "Rinqed222"]
[Black "Giorno"]
[Result "0-1"]
[WhiteElo "2227"]
[BlackElo "2455"]
[TimeControl "180+1"]
[EndTime "14:39:48 PDT"]
[Termination "Giorno won on time"]

1. e4 Nc6 2. Nf3 d6 3. d4 Bg4 4.
d5 Bxf3 5. gxf3 Nb8 6. Be3 c5 7.
Nc3 a6 8. a4 Nd7 9. a5 g6 10.
Qd2 Bg7 11. h4 h5 12. f4 Ngf6 13. f3 b5 14. axb6 Qxb6 15. b3 Qb7 16. Rg1 Nb6 17. f5 Nfd7 18. fxg6 fxg6 19. Rxg6 Ne5 20. Qg2 Nxg6 21.
Qxg6+ Kf8 22. Kd2 Qc8 23. Be2 Qe8 24. Qg3 Qf7 25. Rxa6 Rxa6 26. Bxa6 Qf6 27. Ne2 Bh6 28. Bg5 Bxg5+ 29. hxg5 Qa1 30. Bd3 Kg7 31. f4 c4 32. bxc4 Rc8 33. f5 Nxc4+ 34. Bxc4 Rxc4 35. f6+ Kg8 0-1

[Event "Late-Titled-Tuesday-Blitz-September-05-2023"]
[Site "Chess.com"]
[Date "2023.09.05"]
[Round "4"]
[White "jcibarra"]
[Black "chessS1r"]
[Result "1-0"]
[WhiteElo "2906"]
[BlackElo "2592"]
[TimeControl "180+1"]
[EndTime "14:39:49 PDT"]
[Termination "jcibarra won by resignation"]

1. e4 c5 2. Nf3 e6 3. d4 cxd4 4.
Nxd4 Nf6 5. Nc3 Nc6 6. Ndb5 Bb4 7. e5 Nd5 8. Qg4 g6 9. Qg3 f6 10. Nd6+ Bxd6 11. exd6 Nxc3 12. Qxc3 Qa5 13. Qxa5 Nxa5 14. Bd2 Nc6 15. O-O-O b6 16. f4 Bb7 17. Bc3 Kf7 18. g4 Nb4 19. Rg1 Nxa2+ 20. Kd2 Nxc3 21. Kxc3 Rac8+ 22. Kb3 Rc5 23. c4 Rhc8 24. Ka2 a5 25. b3 g5 26. fxg5 Rxg5 27. Be2 Re5 28. Bd3 Be4 29. Bf1 Bg6 30. Rd2 Re3 31. h4 h6 32.
Be2 Rc5 33. Rf1 Rce5 34. Bd1 Kg7 35. Bf3 Rd3 36. Rff2 Rxd2+ 37. Rxd2 Be4 38. Bd1 Bc6 39. Bc2 Re3 40. Bd1 Rg3 41. Ka3 Rh3 42. h5 Rg3 43.
Rd4 Bf3 44. Rd3 Bxd1 45. Rxg3 Kf7 46. Ka4 e5 47. Kb5 Bxb3 48. Rxb3 1-0

[Event "Late-Titled-Tuesday-Blitz-September-05-2023"]
[Site "Chess.com"]
[Date "2023.09.05"]
[Round "4"]
[White "cthulhuuu"]
[Black "NowInChess"]
[Result "1-0"]
[WhiteElo "2468"]
[BlackElo "2280"]
[TimeControl "180+1"]
[EndTime "14:39:49 PDT"]
[Termination "cthulhuuu won on time"]

1. e4 e6 2. d3 d5 3. Nd2 Nf6 4. Ngf3 Nc6 5. c3 e5 6. exd5 Qxd5 7. Nc4 Bg4 8. Be2 O-O-O 9. O-O h5 10. h3 Bf5 11.
Ne3 Qd7 12. Qa4 Be6 13. Ng5 Bc5 14. b4 Bb6 15. Bf3 Kb8 16. Bxc6 bxc6 17. Nxe6 Qxe6 18. Nc4 Rxd3 19. Na5 Rxc3 20. Bd2 Rc4 21. Nxc4 Qxc4 22.
Rac1 Qb5 23. Qb3 Ne4 24. Be3 Bxe3 25. Qxe3 f5 26. a4 Qb6 27. Qxb6+ cxb6 28. Rxc6 Rd8 29. Rfc1 Rd7 30. Re6 Nf6 31. Rxe5 g6 32. Re6 Rf7 33. Rcc6 Ne4 34. Rxg6 Rd7 35. b5 Rd1+ 36. Kh2 Nxf2 37.
Rg8+ Kb7 38. Rg7+ Kb8 39. Rh6 Rd8 40. Rxh5 f4 41. Rhh7 1-0

[Event "Late-Titled-Tuesday-Blitz-September-05-2023"]
[Site "Chess.com"]
[Date "2023.09.05"]
[Round "4"]
[White "sebastianmarinp"]
[Black "Mikhail_Golubev"]
[Result "0-1"]
[WhiteElo "2398"]
[BlackElo "2588"]
[TimeControl "180+1"]
[EndTime "14:39:50 PDT"]
[Termination "Mikhail_Golubev won on time"]

1. d4 Nf6 2. Nc3 d5 3. Bg5 Nbd7 4. Qd2 c6 5. f3 b5 6. e3 e6 7. Bd3 Be7 8. Nh3 O-O 9. O-O-O a5 10. e4 b4 11. Na4 dxe4 12. fxe4 e5 13. d5 cxd5 14. exd5 Nxd5 15. Be4 Bxg5 16. Qxg5 N7f6 17. Bxd5 Nxd5 18.
Qxd8 Rxd8 19. Nb6 Bxh3 20. Nxa8 Bxg2 21. Rhg1 Bf3 22. Nb6 Kf8 23. Rd3 Be4 24. Rgd1 Bxd3 25. Rxd3 Rd6 26. Nxd5 e4 27. Rd2 f5 28. Nf4 Rh6 29. a3 bxa3 30. bxa3 g5 31. Nd5 f4 32. c4 e3 33. Rg2 Re6 34. Kd1 f3 35. Rxg5 e2+ 36. Ke1 f2+ 0-1

[Event "Late-Titled-Tuesday-Blitz-September-05-2023"]
[Site "Chess.com"]
[Date "2023.09.05"]
[Round "4"]
[White "Noki102"]
[Black "kikoveiga"]
[Result "1-0"]
[WhiteElo "2451"]
[BlackElo "2578"]
[TimeControl "180+1"]
[EndTime "14:39:51 PDT"]
[Termination "Noki102 won by checkmate"]

1. d4 Nf6 2. Nf3 e6 3. Bf4 c5 4. e3 Nc6 5. Nbd2 b6 6. Nc4 d5 7. Nce5 Nxe5 8. Nxe5 a6 9. c3 Bb7 10. Qa4+ Nd7 11. Rd1 f6 12. Nxd7 Qxd7 13. Qxd7+ Kxd7 14. dxc5 Bxc5 15. e4 Ke7 16. e5 Rhd8 17. h4 d4 18.
cxd4 Bxd4 19. exf6+ gxf6 20. Bd3 Bxg2 21. Rg1 Bf3 22.
Rg7+ Kf8 23. Bh6 f5 24. Rg3+ Kf7 25. Rxf3 Bxb2 26. Bc4 Rxd1+ 27. Kxd1 Rd8+ 28. Ke2 b5 29. Bb3 Rd4 30. Be3 Rxh4 31. Rxf5+ Kg6 32. Rg5+ Kf6 33. Rc5 Re4 34. Kf3 Re5 35. Rc6 a5 36. Bf4 Re1 37.
Be3 a4 38. Rxe6+ Kf5 39. Bd5 Rd1 40. Rd6 Ke5 41. Bf4+ Kf5 42. Be4# 1-0

[Event "Late-Titled-Tuesday-Blitz-September-05-2023"]
[Site "Chess.com"]
[Date "2023.09.05"]
[Round "4"]
[White "Bigfish1995"]
[Black "Zhigalko_Sergei"]
[Result "0-1"]
[WhiteElo "3069"]
[BlackElo "2897"]
[TimeControl "180+1"]
[EndTime "14:39:52 PDT"]
[Termination "Zhigalko_Sergei won by checkmate"]

1. a3 e5 2. c4 Nf6 3. d3 c6 4. Nf3 Bd6 5. Nc3 O-O 6. Bg5 Re8 7. g3 h6 8. Bxf6 Qxf6 9. Ne4 Qe7 10. Nxd6 Qxd6 11. Bg2 Qc7 12. O-O d6 13. b4 Be6 14.
a4 a5 15. b5 Nd7 16. Rc1 Nc5 17. d4 exd4 18. Nxd4 Bd7 19. Qc2 Re5 20. Rfd1 Rae8 21. e3 h5 22. h4 g6 23. Rd2 Ne4 24. Bxe4 Rxe4 25. c5 d5 26. bxc6 bxc6 27. Qc3 g5 28. hxg5 h4 29. Re2 Bg4 30. Ree1 Qe5 31. f4 Qh8 32.
Nxc6 Qh5 33. Ne5 R8xe5 34. fxe5 hxg3 35. Rc2 Bf3 36. Rg2 Bxg2 37. Kxg2 Qh2+ 38. Kf3 Qf2# 0-1